 Dungeon Crawl Stone Soup version 0.26.1-10-gdfb7c7de75 (webtiles) character file.

Game seed: 13678836596776005747

99 Descartes the Magician (level 4, 0/25 HPs)
             Began as a Deep Elf Wanderer on Apr 4, 2021.
             Slain by a bullfrog skeleton (5 damage)
             ... on level 3 of the Dungeon.
             The game lasted 00:05:43 (4095 turns).

Descartes the Magician (Deep Elf Wanderer)          Turns: 4095, Time: 00:05:43

Health: 0/25       AC:  4    Str: 11    XL:     4   Next: 45%
Magic:  0/13       EV: 10    Int: 17    God:
Gold:   83         SH:  0    Dex: 13    Spells: 13/14 levels left

rFire    . . .     SeeInvis .   a - +2 dagger
rCold    . . .     Faith    .   (no shield)
rNeg     . . .     Spirit   .   g - +0 leather armour
rPois    .         Reflect  .   (no helmet)
rElec    .         Harm     .   (no cloak)
rCorr    .         Rampage  .   s - +0 pair of gloves
Will     .....                  (no boots)
Stlth    +.........             (no amulet)
HPRegen  0.08/turn              (no ring)
MPRegen  0.13/turn              (no ring)

@: no status effects
A: no striking features
a: no special abilities


You were on level 3 of the Dungeon.
You visited 1 branch of the dungeon, and saw 3 of its levels.

You collected 83 gold pieces.

Inventory:

Hand Weapons
 a - a +2 dagger (weapon)
Missiles
 c - 141 stones
 q - 16 arrows
Armour
 e - a +0 robe
 g - a +0 leather armour (worn)
 s - a +0 pair of gloves (worn)
Jewellery
 t - a +4 ring of protection
Scrolls
 f - a scroll of enchant weapon {unknown}
 h - a scroll of fog {unknown}
 i - 2 scrolls of identify {unknown}
 j - 5 scrolls of amnesia {unknown}
 l - a scroll of blinking {unknown}
 m - a scroll of enchant armour {unknown}
 o - a scroll of remove curse {unknown}
Potions
 b - a potion of berserk rage
 d - a potion of curing
 k - a potion of mutation {unknown}
 n - a potion of brilliance {unknown}
 p - a potion of attraction {unknown}
 r - a potion of lignification {unknown}


   Skills:
 - Level 1.0 Fighting
 - Level 1.5 Armour
 - Level 1.2 Stealth
 - Level 5.8 Spellcasting
 + Level 4.6 Fire Magic
 - Level 1.1 Ice Magic
 - Level 1.1 Evocations


You had 13 spell levels left.
You knew the following spells:

 Your Spells              Type           Power        Failure   Level
a - Foxfire               Conj/Fire      48%          7%          1

Your spell library contained the following spells:

 Spells                   Type           Power        Failure   Level
 Conjure Flame            Conj/Fire      12%          21%         3


Dungeon Overview and Level Annotations

Branches:
Dungeon (3/15)

Altars:
Ashenzari
Qazlal


Message History

You conjure some foxfire!
The bullfrog skeleton hits you.
* * * LOW HITPOINT WARNING * * *
Unknown command.
Casting: Foxfire (safe; 7% risk of failure)
Confirm with . or Enter, or press ? or * to list all spells.
Nothing appears to happen.
The foxfire hits the bullfrog skeleton.
The bullfrog skeleton is severely damaged.
The bullfrog skeleton hits you but does no damage.
Casting: Foxfire (safe; 7% risk of failure)
Confirm with . or Enter, or press ? or * to list all spells.
You conjure some foxfire!
The bullfrog skeleton hits you.
* * * LOW HITPOINT WARNING * * *
The bullfrog skeleton barely misses you.
Unknown command.
Casting: Foxfire (safe; 7% risk of failure)
Confirm with . or Enter, or press ? or * to list all spells.
Nothing appears to happen.
The foxfire hits the bullfrog skeleton.
The bullfrog skeleton is severely damaged.
The bullfrog skeleton hits you.
You die...

#.......#.....#
#.#.#
#.......#..####
#.#..
#.......#..#
#.###
..^..._......#
#.# #.
#..#.......#..#
###.#
#..#.......#.##
..#.# #.
#.......#.#
#.#.#
..#########.#
#.#.#
..........Z@#
#####.#.##
....#########
.........# #
#...÷..
#####....#
#.##.^§^.≈.≈§
..#^#^≈...###
...≈§^#...#≈^
.##§§.^^..#≈#
...§^≈...≈..^


You could see a bullfrog skeleton.

Vanquished Creatures
  A gnoll (D:3)
  2 adders (D:3)
  2 oozes (D:3)
  A worm (D:3)
  A dart slug (D:1)
  3 leopard geckos
  3 orcs (D:3)
  A ball python (D:1)
  3 goblins
  9 hobgoblins
  4 jackals (D:2)
  2 quokkas
  5 bats
  3 frilled lizards (D:1)
  6 kobolds
  4 rats
50 creatures vanquished.

Vanquished Creatures (others)
  297 foxfires
297 creatures vanquished.

Grand Total: 347 creatures vanquished

Notes
Turn   | Place    | Note
-------+----------+-------------------------------------------
     0 | D:1      | Descartes the Deep Elf Wanderer began the quest for the
                  | Orb.
     0 | D:1      | Descartes set off with the following items: a +2 dagger, a
                  | potion of berserk rage, a potion of curing, a +0 robe; and
                  | the following spell memorised: Foxfire; and the following
                  | spells available to memorise: Conjure Flame
     0 | D:1      | Reached XP level 1. HP: 12/12 MP: 9/9
   243 | D:1      | Reached skill level 1 in Fire Magic
   600 | D:1      | Reached XP level 2. HP: 16/16 MP: 3/10
  2482 | D:2      | Reached XP level 3. HP: 20/20 MP: 8/12
  3171 | D:3      | Found a stormy altar of Qazlal.
  3371 | D:3      | Reached XP level 4. HP: 5/25 MP: 7/13
  4035 | D:3      | Found a broken altar of Ashenzari.
  4095 | D:3      | Slain by a bullfrog skeleton

Illustrated notes

Levels and vault maps discovered:
D:1:      ebering_hopf_link, layout_loops_ring, minmay_misc_feat_square
D:2:      layout_basic
D:3:      layout_loops_ring, grunt_qazlal_sundering, lemuel_tele_altar

Skill      XL: |  1  2  3 |
---------------+----------+-----
Fire Magic     | 1 3 4 |  4.6
Fighting       | |  1.0
Armour         | |  1.5
Stealth        | |  1.2
Spellcasting   | |  5.8
Ice Magic      | |  1.1
Evocations     | |  1.1

Action                   |  1- 3 |  4- 6 || total
-------------------------+-------+-------++-------
Melee: Dagger            |    11 |       ||    11
 Cast: Foxfire           |   177 |    55 ||   232
Armor: Robe              |     1 |       ||     1
       Leather armour    |       |     3 ||     3
Dodge: Dodged            |    19 |     7 ||    26
